 Dungeon Crawl Stone Soup version 0.27.1-34-g3ba077fa99 (webtiles) character file.

Game seed: 13557073459009730384

1222 cbfl8 the Chopper (level 8, -5/65 (69) HPs)
             Began as a Minotaur Delver on Jan 26, 2022.
             Was an Initiate of Yredelemnul.
             Slain by a wight (7 damage)
             ... on level 6 of the Dungeon.
             The game lasted 00:15:18 (6549 turns).

cbfl8 the Chopper (Minotaur Delver)                 Turns: 6549, Time: 00:15:19

HP:   -5/65 (69)    AC: 11    Str: 18    XL:     8   Next: 23%
MP:   7/7           EV:  8    Int:  7    God:    Yredelemnul [......]
Gold: 168           SH:  9    Dex: 13    Spells: 7/7 levels left

rFire    . . .     SeeInvis .   C - +4 dagger (freeze)
rCold    . . .     Faith    .   y - +0 kite shield
rNeg     . . .     Spirit   .   q - +0 scale mail
rPois    .         Reflect  .   (helmet restricted)
rElec    .         Harm     .   l - +0 cloak
rCorr    .         Rampage  .   s - +0 pair of gloves
Will     .....                  u - +0 pair of boots
Stlth    ++........             (no amulet)
HPRegen  0.20/turn              (no ring)
MPRegen  0.10/turn              (no ring)

@: drained
A: horns 2, retaliatory headbutt
a: Renounce Religion


You were on level 6 of the Dungeon.
You worshipped Yredelemnul.
Yredelemnul was noncommittal.
You visited 2 branches of the dungeon, and saw 7 of its levels.

You collected 168 gold pieces.

Inventory:

Hand Weapons
 a - a +0 hand axe
 A - a +0 battleaxe of draining
 C - a +4 dagger of freezing (weapon)
 D - a +3 dire flail
 F - a +3 dagger
Missiles
 r - 115 stones (quivered)
 w - 38 bolts
 x - 5 silver javelins
 G - 2 throwing nets
Armour
 b - a +0 leather armour
 i - a +0 ring mail
 l - a +0 cloak (worn)
 q - a +0 scale mail (worn)
 s - a +0 pair of gloves (worn)
 t - a +0 barding
 u - a +0 pair of boots (worn)
 y - a +0 kite shield (worn)
Wands
 g - a wand of digging (3)
 E - a wand of flame (15)
Scrolls
 c - a scroll of fog
 e - 2 scrolls of fear
 h - a scroll of silence {unknown}
 j - 5 scrolls of identify {unknown}
 k - a scroll of amnesia
 m - 3 scrolls of teleportation {unknown}
 n - a scroll of noise {unknown}
 v - a scroll of blinking {unknown}
Potions
 f - 2 potions of haste
 o - 2 potions of heal wounds {unknown}
 p - a potion of curing {unknown}
 z - a potion of might {unknown}
 B - 2 potions of flight {unknown}


   Skills:
 + Level 5.4 Fighting
 + Level 1.5 Short Blades
 + Level 6.4 Axes
 + Level 6.1 Armour
 + Level 3.5 Dodging
 + Level 5.2 Stealth
 + Level 3.5 Shields


You had 7 spell levels left.
You didn't know any spells.
Your spell library contained the following spells:

 Spells                   Type           Power      Damage    Failure   Level
 Magic Dart               Conj           0%         1d3       99%         1
 Sting                    Tmut/Pois      0%         1d3       99%         1
 Call Imp                 Summ           0%         N/A       100%        2
 Poisonous Vapours        Pois/Air       0%         N/A       100%        2
 Static Discharge         Conj/Air       0%         N/A       100%        2
 Mephitic Cloud           Conj/Pois/Air  0%         N/A       100%        3
 Animate Dead             Necr           0%         N/A       100%        4
 Dispel Undead            Necr           0%         3d6       100%        4
 Olgreb's Toxic Radiance  Pois           0%         N/A       100%        4
 Sticky Flame             Conj/Fire      0%         2d3       100%        4
 Borgnjor's Vile Clutch   Necr/Erth      0%         N/A       100%        5
 Death Channel            Necr           0%         N/A       100%        6


Dungeon Overview and Level Annotations

Branches:
Dungeon (6/15)             Temple (1/1) D:6

Altars:
Ashenzari
Cheibriados
Dithmenos
Elyvilon
Fedhas
Gozag
Kikubaaqudgha
Nemelex Xobeh
Okawaru
Ru
Sif Muna
Trog
Uskayaw
Vehumet
Wu Jian
Xom
Yredelemnul
Zin
The Shining One

Shops:
D:3 *


Innate Abilities, Weirdness & Mutations

You have a pair of horns on your head.
You reflexively headbutt those who attack you in melee.


Message History

The wight barely misses you. The wight hits you but does no damage.
The wight hits you with a +4 great sword!
You closely miss the wight.
The wight is lightly damaged.
The wight barely misses you. You block the wight's attack.
The wight barely misses you.
You hit the wight but do no damage.
The wight is lightly damaged.
You block the wight's attack. The wight barely misses you.
The wight hits you with a +4 scimitar!
You closely miss the wight.
You headbutt the wight, but do no damage.
The wight is lightly damaged.
You block the wight's attack. The wight closely misses you. x2
The wight hits you but does no damage.
You hit the wight.
The wight is moderately damaged.
The wight hits you with a +4 great sword!
* * * LOW HITPOINT WARNING * * *
You feel drained.
* * * LOW HITPOINT WARNING * * *
The wight hits you with a +4 scimitar.
* * * LOW HITPOINT WARNING * * *
The wight hits you from afar with a +3 trident.
* * * LOW HITPOINT WARNING * * *
As you read the scroll of magic mapping, it crumbles to dust.
You feel aware of your surroundings.
The wight hits you with a +4 great sword.
* * * LOW HITPOINT WARNING * * *
The wight closely misses you. You block the wight's attack.
You can't see any enemies this would affect, really read the scroll of fear?
Okay, then.
As you read the scroll labelled UTOFIN XEUSTRAISTU, it crumbles to dust.
It is a scroll of amnesia.
You feel forgetful for a moment. You block the wight's attack.
The wight hits you with a +4 scimitar!
* * * LOW HITPOINT WARNING * * *
The wight hits you from afar with a +3 trident!
You die...
Your body rises from the dead as a mindless zombie.

,,,,,,,,,,,,,,,,,,,,,,,* *,,,,*##
,,,,,,,,.............,,* *,#####.
,,,,,,,,,...........,*** #,#.....
,,,,,,,,,..........,,***##.#.###.
,,,,,,,,,..(......,,,,,,.........
,,,,,,,,,,.....z.,,,****##.#.##..
,,,,,,,,,,,,....,,,,,,,,.........
,,,>,,,,,,***#z################.#
,,,,,,,,,,* #.z@................
,,********* #.z.......########.#
,,* #.........# #.. ,,*
#####.........# ###
##########..<..........#
≈≈≈≈≈≈≈≈≈#.............#
≈≈≈≈≈≈≈≈≈#.............# ######
≈≈≈≈≈≈≈≈≈#....)........# #.....
≈#####≈≈≈#.............# #.####


You could see 3 wights.

Vanquished Creatures
  A sky beast (D:4)
  A black bear (D:4)
  A centaur (D:5)
  2 phantoms (D:4)
  A bullfrog (D:6)
  A scorpion (D:5)
  4 wights (D:5)
  2 hounds
  A bullfrog skeleton (D:6)
  A gnoll shaman (D:6)
  4 iguanas
  4 orc wizards (D:6)
  A killer bee zombie (D:5)
  5 gnolls (D:6)
  8 adders
  An adder skeleton (D:4)
  2 worms
  A dart slug (D:4)
  7 orcs
  7 endoplasms
  4 giant cockroaches
  3 goblins
  6 hobgoblins
  4 jackals (D:3)
  4 quokkas
  8 ball pythons
  7 bats
  2 frilled lizards (D:2)
  2 kobolds (D:2)
  4 rats
99 creatures vanquished.

Notes
Turn   | Place    | Note
-------+----------+-------------------------------------------
     0 | D:5      | cbfl8 the Minotaur Delver began the quest for the Orb.
     0 | D:5      | Reached XP level 1. HP: 19/19 MP: 0/0
    73 | D:5      | Reached XP level 2. HP: 6/27 MP: 1/1
   141 | D:5      | Noticed a wight
   147 | D:5      | Noticed a wight
   553 | D:3      | Reached XP level 3. HP: 32/33 MP: 2/2
   579 | D:3      | Reached skill level 1 in Armour
   622 | D:2      | Reached skill level 5 in Stealth
   684 | D:2      | Reached XP level 4. HP: 40/40 MP: 3/3
   779 | D:2      | Found a shimmering altar of Xom.
   866 | D:2      | Found a faded altar of an unknown god.
  2589 | D:3      | Reached XP level 5. HP: 40/46 MP: 4/4
  2595 | D:3      | Found Toblueki's Assorted Antiques.
  3867 | D:4      | Noticed a black bear
  3878 | D:4      | Killed a black bear
  3944 | D:4      | Found an ancient bone altar of Kikubaaqudgha.
  4059 | D:4      | Reached XP level 6. HP: 51/53 MP: 5/5
  4303 | D:5      | Noticed a sky beast
  4484 | D:4      | Reached skill level 1 in Shields
  4493 | D:4      | Killed a sky beast
  4494 | D:4      | Reached skill level 5 in Axes
  4494 | D:4      | Reached XP level 7. HP: 34/60 MP: 6/6
  4656 | D:5      | Reached skill level 5 in Fighting
  4659 | D:5      | Reached skill level 5 in Armour
  5817 | D:6      | Reached XP level 8. HP: 64/69 MP: 7/7
  6128 | D:6      | Reached skill level 1 in Short Blades
  6182 | D:6      | Found a staircase to the Ecumenical Temple.
  6191 | Temple   | Entered the Ecumenical Temple
  6424 | Temple   | Became a worshipper of Yredelemnul the Dark
  6549 | D:6      | HP: 2/65 [wight (7)]
  6549 | D:6      | Slain by a wight

Illustrated notes

Levels and vault maps discovered:
D:1:      grunt_arrival_crossed_arrows, layout_basic
D:2:      layout_basic, hellmonk_ecumenical_altar_inner_sanctum, basic_altar
D:3:      layout_loops_cross, serial_shops, shop
D:4:      layout_basic, nicolae_overflow_hidden_temple
D:5:      layout_rooms, minmay_crystal_water, chequers_serial_rivers_marsh
D:6:      layout_basic, minmay_temple_entry_poolview,
          minmay_a_box_with_orc_wizards_in_it
Temple:   eino_narrow_crystal_temple

Skill      XL: |  1  2  3  4  5  6  7  8 |
---------------+-------------------------+-----
Fighting       | 4 5 |  5.4
Armour         | 1 2 3 4 5 6 |  6.1
Stealth        | 5 |  5.2
Axes           | 3 4 5 6 |  6.4
Shields        | 1 2 3 |  3.5
Dodging        | 3 |  3.5
Short Blades   | 1 |  1.5

Action                   |  1- 3 |  4- 6 |  7- 9 || total
-------------------------+-------+-------+-------++-------
Melee: Hand axe          |    40 |   165 |    30 ||   235
       Headbutt          |     4 |    24 |    21 ||    49
       Dagger            |       |       |    91 ||    91
  Use: Scroll            |       |       |     2 ||     2
 Stab: Sleeping          |     1 |     2 |       ||     3
Armor: Leather armour    |     5 |       |       ||     5
       Ring mail         |    14 |     6 |       ||    20
       Scale mail        |       |    98 |    79 ||   177
Dodge: Dodged            |    33 |    96 |    61 ||   190
Block: Kite shield       |       |    23 |    68 ||    91
